[Event "Team 45 45 League T47"]
[Site "Internet Chess Club"]
[Date "2010.11.06"]
[Round "1"]
[White "vollmerj"]
[Black "cepheid"]
[Result "0-1"]
[WhiteElo "1680"]
[BlackElo "1642"]
[Opening "Sicilian: Keres variation (2.Ne2)"]
[ECO "B20"]
[Time "09:30:30"]
[TimeControl "2700+45"]

1. e4 c5 2. Ne2 g6 3. g3 Bg7 4. Bg2 Nc6 5. O-O Nf6 6. d4 cxd4 7. Nxd4 O-O 8.
Nxc6 dxc6 9. Nc3 Bg4 10. f3 Qb6+ 11. Kh1 Be6 12. Qe2 Rfd8 13. Qe3 Nd7 14. Qxb6
Nxb6 15. Nd1 Nc4 16. c3 Rd3 17. Nf2 Rd7 18. Rd1 Rxd1+ 19. Nxd1 Rd8 20. Ne3 Rd3
21. Bf1 Rxe3 22. Bxe3 Nxe3 23. a3 Bb3 24. Bd3 e6 25. Kg1 Kf8 26. Kf2 Nc4 27.
Bxc4 Bxc4 28. Rd1 Ke7 29. f4 e5 30. Kf3 h6 31. Rd2 f5 32. fxe5 Bxe5 33. exf5
gxf5 34. h4 Bd5+ 35. Kf2 b5 36. Re2 Kf6 37. Re1 a5 38. Re2 Ke6 39. Re1 Kd6 40.
Re2 Ke6 41. Re1 Kf6 42. Re2 c5 43. Rd2 Ke6 44. Re2 b4 45. cxb4 cxb4 46. axb4
axb4 47. Re1 Be4 48. Re2 Bd4+ 49. Ke1 Kd5 50. Rd2 Kc4 51. Ke2 Be5 52. Kf2 Kb3
53. Rd7 Kxb2 54. Rd2+ Kc3 55. Rd7 b3 56. Re7 Bd4+ 57. Ke2 Kc2 58. Rc7+ Bc3 59.
Ke3 b2 60. g4 b1=Q 61. gxf5 {White resigns} 0-1

[Event "Team 45 45 League T47"]
[Site "Internet Chess Club"]
[Date "2010.11.06"]
[Round "1"]
[White "rubo"]
[Black "ice-cream"]
[Result "1-0"]
[WhiteElo "1697"]
[BlackElo "1696"]
[Opening "Bird's opening"]
[ECO "A02"]
[Time "19:45:23"]
[TimeControl "2700+45"]

1. f4 e6 2. Nf3 Nf6 3. e3 Nc6 4. b3 Bc5 5. Bb2 b6 6. Bd3 Bb7 7. Nc3 Qe7 8. Ne2
O-O-O 9. O-O Bd6 10. Ne5 Bxe5 11. fxe5 Ng4 12. Be4 Rdf8 13. Bxc6 Bxc6 14. Rf4
Qg5 15. Qf1 Nh6 16. Ng3 g6 17. Qa6+ Kb8 18. Ra4 Bxa4 19. bxa4 Nf5 20. Ne4 Qd8
21. a5 Qc8 22. Qd3 Qb7 23. Nf6 Rd8 24. c4 Kc8 25. axb6 Nh4 26. e4 g5 27. bxc7
Qxc7 28. Ba3 Qb6+ 29. Kf1 Ng6 30. Bd6 Nxe5 31. Bxe5 d6 32. Bd4 Qb7 33. Rb1 Qa6
34. Ke1 h6 35. Qe3 Qxc4 36. Bxa7 Qxa2 37. Rb8+ Kc7 38. Qb6# {Black checkmated}
1-0

[Event "Team 45 45 League T47"]
[Site "Internet Chess Club"]
[Date "2010.11.07"]
[Round "1"]
[White "hlt"]
[Black "Portola"]
[Result "1/2-1/2"]
[WhiteElo "1546"]
[BlackElo "1867"]
[Opening "Caro-Kann: advance variation"]
[ECO "B12"]
[Time "22:00:28"]
[TimeControl "2700+45"]

1. e4 c6 2. d4 d5 3. e5 Bf5 4. Nf3 e6 5. Nc3 Nd7 6. Be2 Be7 7. O-O Nh6 8. Bxh6
gxh6 9. Qd2 Bg5 10. Nxg5 Qxg5 11. Rad1 Qg6 12. Bd3 Rg8 13. g3 Bxd3 14. Qxd3 Qg7
15. Qf3 Qg6 16. Rd3 a6 17. a4 c5 18. Nxd5 exd5 19. Qxd5 Qc6 20. dxc5 Nxc5 21.
Qxc6+ bxc6 22. Rd6 Nxa4 23. b3 Nc3 24. Rxc6 Ne2+ 25. Kg2 Rg6 26. Rc4 Rd8 27. Re1
Nd4 28. f4 Nf5 29. Re2 h5 30. Kh3 Re6 31. Rc7 h6 32. g4 hxg4+ 33. Kxg4 Nd4 34.
f5 Nxe2 35. fxe6 fxe6 36. Rc6 Ke7 37. Rxa6 Rg8+ 38. Kh5 Rg5+ 39. Kxh6 Rxe5 40.
Ra4 Rf5 41. Ra7+ Kf6 42. Ra8 Nf4 43. Rf8+ Ke5 44. Ra8 Rh5+ 45. Kg7 Rxh2 46. c4
Rb2 47. Ra5+ Kd4 48. Kf6 Rxb3 49. c5 Kd5 50. c6+ Kxc6 51. Ke5 Kb6 52. Ra8 Kb7
53. Ra5 Rb4 54. Ra1 Kb6 55. Ra8 Rc4 56. Rb8+ Kc7 57. Ra8 Kd7 58. Ra7+ Ke8 59.
Rb7 Nd3+ 60. Kxe6 Nc5+ 61. Kd5 Nxb7 62. Kxc4 {Game drawn because neither player
has mating material} 1/2-1/2

[Event "Team 45 45 League T47"]
[Site "Internet Chess Club"]
[Date "2010.11.07"]
[Round "1"]
[White "g8wrb"]
[Black "rainden"]
[Result "1-0"]
[WhiteElo "1399"]
[BlackElo "1528"]
[Opening "French: Rubinstein variation"]
[ECO "C03"]
[Time "16:33:21"]
[TimeControl "2700+45"]

1. e4 e6 2. d4 d5 3. Nd2 dxe4 4. Nxe4 Nd7 5. Nf3 Ngf6 6. Nxf6+ Nxf6 7. Bd3 c5 8.
Be3 b6 9. O-O Bb7 10. Bb5+ Nd7 11. Ne5 a6 12. Bxd7+ Ke7 13. Bc6 Qc7 14. Qf3 Rb8
15. Qxf7+ Kd8 16. Qe8# {Black checkmated} 1-0

[Event "Team 45 45 League T47"]
[Site "Internet Chess Club"]
[Date "2010.11.07"]
[Round "1"]
[White "JosephZ"]
[Black "AtomicDog"]
[Result "0-1"]
[WhiteElo "1435"]
[BlackElo "1580"]
[Opening "Sicilian: Najdorf, Byrne (English) attack"]
[ECO "B90"]
[Time "12:00:17"]
[TimeControl "2700+45"]

1. e4 c5 2. Nf3 d6 3. d4 cxd4 4. Nxd4 Nf6 5. Nc3 a6 6. Be3 e5 7. Nf3 Be7 8. Qd2
O-O 9. Bd3 b5 10. O-O Nbd7 11. Nd5 Nxd5 12. exd5 Nf6 13. Be2 Bb7 14. c4 bxc4 15.
Bxc4 Rc8 16. b3 Nd7 17. Rac1 Nb6 18. Bxb6 Qxb6 19. Qd3 f5 20. Nd2 Bg5 21. Rc2 e4
22. Qg3 h6 23. h4 Bf6 24. h5 Bd4 25. Rcc1 e3 26. fxe3 Bxe3+ 27. Kh1 Bxd2 28. Rc2
Bg5 29. Rcf2 Qe3 30. Qxd6 Rf6 31. Qb4 Rb8 32. Rxf5 Kh7 33. Rxf6 Bxd5 34. Rxh6+
Kxh6 35. Qxb8 Qh3+ 36. Qh2 Bxg2+ 37. Kg1 Be3+ 38. Rf2 Bxf2+ 39. Kxf2 Qxh2 40.
Bxa6 Bb7+ 41. Ke3 Bxa6 42. a3 Qxh5 43. b4 Qb5 44. a4 Qxa4 45. b5 Qxb5 46. Kf3
Kh5 47. Kg3 g5 48. Kh3 Qf1+ 49. Kg3 Qh1 50. Kf2 Qh2+ 51. Kf3 g4+ 52. Ke3 g3 53.
Kf4 g2+ 54. Kf3 g1=Q 55. Ke4 Qd2 56. Kf3 Qde3# {White checkmated} 0-1

[Event "Team 45 45 League T47"]
[Site "Internet Chess Club"]
[Date "2010.11.07"]
[Round "1"]
[White "Atlantis"]
[Black "irock"]
[Result "0-1"]
[WhiteElo "1856"]
[BlackElo "1767"]
[Opening "Bogo-Indian defense, Grünfeld variation"]
[ECO "E11"]
[Time "15:04:03"]
[TimeControl "2700+45"]

1. d4 Nf6 2. c4 e6 3. Nf3 Bb4+ 4. Nbd2 b6 5. g3 Bb7 6. Bg2 Nc6 7. O-O d5 8. a3
Be7 9. b3 O-O 10. Bb2 Rc8 11. Rc1 Re8 12. Re1 Ba8 13. e3 Bb7 14. b4 dxc4 15.
Nxc4 Ne4 16. Nfd2 Nf6 17. Qb3 Nd5 18. Red1 Ba8 19. b5 Nb8 20. Ne5 c6 21. bxc6
Nxc6 22. Nxc6 Bxc6 23. Rc2 Qd7 24. Qa2 Ba4 25. Rxc8 Rxc8 26. Rc1 Rxc1+ 27. Bxc1
Qc6 28. Qb2 Qc3 29. Nf3 Qd3 30. Bf1 Qd1 31. Kg2 Bc6 32. Be2 Qa4 33. Kg1 f6 34.
Ne1 Qa5 35. Nc2 Nc3 36. Bf1 Qd5 37. f4 Qh1+ 38. Kf2 Qxh2+ 39. Ke1 Qxg3+ 40. Kd2
Ne4+ 41. Kd3 Qg1 42. Be2 Qg6 43. Kc4 Nd6+ 44. Kc3 h5 45. Nb4 Nb5+ 46. Kb3 Bd7
47. Bd3 Qg3 48. Bb1 h4 49. d5 h3 50. Qc2 Nd4+ 51. Kb2 Nxc2 {White resigns} 0-1

[Event "Team 45 45 League T47"]
[Site "Internet Chess Club"]
[Date "2010.11.06"]
[Round "1"]
[White "Walker42"]
[Black "Victorianum"]
[Result "1-0"]
[WhiteElo "1997"]
[BlackElo "1780"]
[Opening "Trompowsky attack (Ruth, Opocenský opening)"]
[ECO "A45"]
[Time "13:00:51"]
[TimeControl "2700+45"]

1. d4 Nf6 2. Bg5 e6 3. e4 h6 4. Bxf6 Qxf6 5. c3 c5 6. Nf3 Nc6 7. Bb5 a6 8. Bxc6
bxc6 9. O-O d5 10. Qa4 Bb7 11. exd5 exd5 12. Re1+ Be7 13. Ne5 O-O 14. Nd7 Qd6
15. Nxf8 Kxf8 16. Nd2 Bc8 17. dxc5 Qxc5 18. Qd4 Qd6 19. Nf3 Rb8 20. b3 c5 21.
Qe5 Qxe5 22. Nxe5 Bf6 23. Rad1 Bb7 {Black resigns} 1-0

[Event "Team 45 45 League T47"]
[Site "Internet Chess Club"]
[Date "2010.11.06"]
[Round "1"]
[White "jps7"]
[Black "imawesome"]
[Result "1-0"]
[WhiteElo "1688"]
[BlackElo "1683"]
[Opening "Queen's pawn game, Rubinstein (Colle-Zukertort) variation"]
[ECO "D05"]
[Time "13:05:28"]
[TimeControl "2700+45"]

1. d4 Nf6 2. Nf3 e6 3. e3 d5 4. Bd3 c5 5. b3 Nc6 6. a3 Bd6 7. Bb2 O-O 8. O-O a6
9. Nbd2 b5 10. c4 Rb8 11. Qc2 dxc4 12. bxc4 cxd4 13. exd4 bxc4 14. Nxc4 h6 15.
Nce5 Bxe5 16. dxe5 Ne8 17. Rfd1 Qb6 18. Rab1 Bb7 19. Bh7+ Kh8 20. Be4 Rc8 21.
Bc3 Qc7 22. Qb3 Rb8 23. Bxc6 Qxc6 24. Bb4 Rg8 25. Qe3 Nc7 26. Rbc1 Nd5 27. Qe1
Qd7 28. Bd6 Rbc8 29. Rb1 Nc3 30. Bc5 Nxd1 31. Rxd1 Qb5 32. Be3 Bxf3 33. gxf3 Qc5
34. Bxc5 {Black resigns} 1-0

[Event "Team 45 45 League T47"]
[Site "Internet Chess Club"]
[Date "2010.11.06"]
[Round "1"]
[White "frank001"]
[Black "Wheels"]
[Result "1-0"]
[WhiteElo "1752"]
[BlackElo "1859"]
[Opening "King's Indian: orthodox, Aronin-Taimanov, main line"]
[ECO "E99"]
[Time "23:01:53"]
[TimeControl "2700+45"]

1. d4 Nf6 2. c4 g6 3. Nc3 Bg7 4. e4 d6 5. Nf3 O-O 6. Be2 e5 7. O-O Nc6 8. d5 Ne7
9. Ne1 Nd7 10. f3 f5 11. Nd3 f4 12. Bd2 Nf6 13. c5 g5 14. Rc1 h5 15. Nb5 Ng6 16.
cxd6 cxd6 17. a4 Bd7 18. Nf2 Bxb5 19. Bxb5 Qb6 20. Kh1 g4 21. Bd3 g3 22. hxg3
fxg3 23. Nh3 Qxb2 24. Bc3 Qb6 25. a5 Qe3 26. Re1 Qh6 27. Bd2 Nf4 28. Rc7 b6 29.
a6 Ne8 30. Rc6 Qf6 31. Bxf4 exf4 32. e5 Qd8 33. e6 Qe7 34. Bb1 Be5 35. Qc2 Qg7
36. Rc1 Bd4 37. Rd1 Bc5 38. Qe4 Nf6 39. Qe2 Ne8 40. Qc2 h4 41. Re1 Be3 42. Re2
Rb8 43. Qd3 Rf6 44. Rec2 Bc5 45. Rc4 Be3 46. Rc8 Rxc8 47. Rxc8 Rf8 48. Rd8 Bc1
49. Rd7 {Black resigns} 1-0

[Event "Team 45 45 League T47"]
[Site "Internet Chess Club"]
[Date "2010.11.05"]
[Round "1"]
[White "giltar"]
[Black "jjmolina"]
[Result "1-0"]
[WhiteElo "1890"]
[BlackElo "1698"]
[Opening "Queen's pawn game"]
[ECO "D05"]
[Time "10:16:21"]
[TimeControl "2700+45"]

1. d4 d5 2. Nf3 Nf6 3. e3 e6 4. Bd3 Be7 5. O-O O-O 6. Nbd2 Nbd7 7. Re1 b6 8. e4
dxe4 9. Nxe4 Bb7 10. Bf4 Nxe4 11. Bxe4 Bxe4 12. Rxe4 Nf6 13. Re2 c5 14. Rd2 c4
15. Qe2 Rc8 16. c3 Nd5 17. Bg3 h6 18. Re1 Bg5 19. Rdd1 Bf4 20. Ne5 Bxg3 21. hxg3
b5 22. Qd2 Qa5 23. a3 Qc7 24. Re4 Nf6 25. Rh4 Rfd8 26. Qe2 a6 27. Kh2 Rd5 28.
Rh1 Nd7 29. Ng4 e5 30. Ne3 Rd6 31. Nf5 Re6 32. d5 Rf6 33. Ne7+ Kf8 34. Nxc8 Qxc8
35. Rd1 Nc5 36. f3 Qc7 37. d6 Rxd6 38. Qxe5 Nd3 39. Rxd3 cxd3 40. Rd4 Rd7 41.
Qxc7 Rxc7 42. Rxd3 Rc6 43. Kh3 Ke7 44. Kg4 Rc4+ 45. Rd4 Rc5 46. Kf4 Ke6 47. g4
Rg5 48. Rd8 Rc5 49. Ke4 Ke7 50. Rd5 Rc4+ 51. Kd3 Ke6 52. Rd4 Rc6 53. b3 Rc5 54.
Rd8 Ke7 55. Rd4 Ke6 56. b4 Rc6 57. c4 bxc4+ 58. Rxc4 Rd6+ 59. Rd4 Rc6 60. a4 Rb6
61. Kc3 Rb7 62. Rc4 Kd6 63. Rc5 Rb6 64. Kc4 Kd7 65. b5 axb5+ 66. axb5 Re6 67.
Kd3 Rb6 68. Kc4 Re6 69. Kb3 Re1 70. Rc2 Rb1+ 71. Ka4 Ra1+ 72. Kb4 Rb1+ 73. Ka5
Ra1+ 74. Kb6 Rb1 75. Ka6 Ra1+ 76. Kb7 Rb1 77. b6 Rb5 78. Rd2+ Ke7 79. Kc6 Rb4
80. Kc7 Rc4+ 81. Kb8 Rb4 82. b7 Ra4 83. Rc2 Kd7 84. Rc7+ Ke6 85. Kc8 Rb4 86.
b8=Q Rxb8+ 87. Kxb8 {Black resigns} 1-0

[Event "Team 45 45 League T47"]
[Site "Internet Chess Club"]
[Date "2010.11.07"]
[Round "1"]
[White "johnnyperez"]
[Black "helixx"]
[Result "0-1"]
[WhiteElo "1619"]
[BlackElo "1688"]
[Opening "Sicilian: Grand Prix attack"]
[ECO "B21"]
[Time "09:01:29"]
[TimeControl "2700+45"]

1. e4 c5 2. f4 d6 3. b3 Nc6 4. Bb2 Nf6 5. Nc3 e5 6. f5 a6 7. Nf3 b5 8. d3 Bb7 9.
Be2 Rc8 10. h3 Qc7 11. O-O Nd4 12. Nd2 b4 13. Ncb1 Nh5 14. Bxh5 g6 15. Bg4 h5
16. fxg6 hxg4 17. gxf7+ Ke7 18. c3 bxc3 19. Nxc3 gxh3 20. Qg4 hxg2 21. Qxg2 Rh7
22. Qg5+ Kd7 23. Qf6 Rg7+ 24. Kf2 Qd8 25. Qxd8+ Rxd8 26. Rac1 Rxf7+ 27. Ke1
Rxf1+ 28. Kxf1 Bh6 29. Rd1 Rf8+ 30. Kg2 Rg8+ 31. Kf2 Rf8+ 32. Kg2 Bf4 33. Bc1
Rg8+ 34. Kh3 Bc8 35. Nf1 Kc6+ 36. Kh4 Rh8# {White checkmated} 0-1

[Event "Team 45 45 League T47"]
[Site "Internet Chess Club"]
[Date "2010.11.08"]
[Round "1"]
[White "Zumbi"]
[Black "smitty120"]
[Result "1-0"]
[WhiteElo "2030"]
[BlackElo "1894"]
[Opening "Ruy Lopez: Bird's defense"]
[ECO "C61"]
[Time "21:21:30"]
[TimeControl "2700+45"]

1. e4 e5 2. Nf3 Nc6 3. Bb5 Nd4 4. Nxd4 exd4 5. O-O Qh4 6. d3 Nf6 7. Qf3 Ng4 8.
Bf4 a5 9. h3 Nf6 10. Bxc7 Bc5 11. e5 Nh5 12. Nd2 O-O 13. g4 Be7 14. Ne4 f5 15.
exf6 Nxf6 16. Nxf6+ Rxf6 17. Qg3 Qg5 18. Be5 Rg6 19. Bc4+ Kh8 20. Bxd4 h5 21. f4
Qh6 22. Bf7 Rc6 23. Rae1 Qd6 24. c3 b5 25. gxh5 Bf8 26. Re8 Bb7 27. Qxg7# {Black
checkmated} 1-0

[Event "Team 45 45 League T47"]
[Site "Internet Chess Club"]
[Date "2010.11.06"]
[Round "1"]
[White "VietLion"]
[Black "Tobiasdelmonte"]
[Result "0-1"]
[WhiteElo "1863"]
[BlackElo "1938"]
[Opening "Budapest: Rubinstein variation"]
[ECO "A52"]
[Time "17:00:24"]
[TimeControl "2700+45"]

1. d4 Nf6 2. c4 e5 3. dxe5 Ng4 4. Bf4 Nc6 5. Nf3 Bb4+ 6. Nbd2 Qe7 7. e3 Ngxe5 8.
Nxe5 Nxe5 9. Be2 O-O 10. O-O d6 11. Nb3 b6 12. a3 Bc5 13. Nxc5 bxc5 14. b4 Nd7
15. Bd3 a5 16. bxa5 Rxa5 17. Qd2 Ra6 18. a4 Bb7 19. Rfb1 Bc6 20. Bc2 Rfa8 21.
Qd3 g6 22. Bh6 Bxa4 23. Qc3 f6 24. Bd3 Bc6 25. Rxa6 Rxa6 26. Be2 Qe4 {White
resigns} 0-1

[Event "Team 45 45 League T47"]
[Site "Internet Chess Club"]
[Date "2010.11.05"]
[Round "1"]
[White "powerchess1"]
[Black "subterfuge"]
[Result "1-0"]
[WhiteElo "1761"]
[BlackElo "1716"]
[Opening "Queen's pawn: London system"]
[ECO "A45"]
[Time "20:00:11"]
[TimeControl "2700+45"]

1. d4 Nf6 2. Bf4 b6 3. e3 Bb7 4. Nf3 e6 5. Bd3 d6 6. Nbd2 Nh5 7. Bg3 Nxg3 8.
hxg3 h6 9. Qe2 Be7 10. O-O-O Nc6 11. c3 a6 12. e4 d5 13. e5 b5 14. Nb3 Nb8 15.
Nc5 Bxc5 16. dxc5 Qe7 17. b4 Nc6 18. Kb2 Qd7 19. Nd4 Ne7 20. f4 O-O-O 21. g4 g6
22. Ra1 Rdf8 23. a4 c6 24. axb5 axb5 25. Ra7 Kc7 26. Kb3 Ra8 27. Qa2 Rxa7 28.
Qxa7 Ra8 29. Qb6+ Kb8 30. Rxh6 Qe8 31. Bxb5 cxb5 32. Nxb5 Ra6 33. Qc7+ Ka8 34.
Qa5 Rxa5 35. Nc7+ Ka7 36. Nxe8 Ra1 37. Nd6 Rb1+ 38. Kc2 Rg1 39. Rh7 Rxg2+ 40.
Kb3 Nc8 41. Rxf7 Nxd6 42. exd6 d4 43. cxd4 Ka6 44. d7 Bd5+ 45. Kc3 Rg3+ 46. Kd2
Rg2+ 47. Ke3 Rg3+ 48. Kf2 Rf3+ 49. Kg1 Rg3+ 50. Kh2 Ra3 51. d8=Q Kb5 52. Qb6+
Kc4 53. c6 Ra2+ 54. Kg3 Ra3+ 55. Kh4 Kd3 56. c7 g5+ 57. Kxg5 Rc3 58. Rf8 {Black
resigns} 1-0

[Event "Team 45 45 League T47"]
[Site "Internet Chess Club"]
[Date "2010.11.07"]
[Round "1"]
[White "John3v16"]
[Black "tourettes"]
[Result "1-0"]
[WhiteElo "1743"]
[BlackElo "1486"]
[Opening "Queen's pawn game"]
[ECO "D05"]
[Time "08:04:24"]
[TimeControl "2700+45"]

1. d4 Nf6 2. Nf3 d5 3. e3 e6 4. c4 Bb4+ 5. Nbd2 c5 6. dxc5 Nc6 7. a3 Bxc5 8. b4
Be7 9. Nb3 b6 10. cxd5 Qxd5 11. Qc2 Bb7 12. Bc4 Qe4 13. Bd3 Qg4 14. Be2 Rc8 15.
Qd3 Ne4 16. Nfd2 Nxf2 17. Kxf2 Qh4+ 18. Kg1 Qe1+ 19. Nf1 Ne5 20. Qd2 Qh4 21.
Bb5+ Kf8 22. Qf2 Qg5 23. e4 Qg6 24. Ng3 Bh4 25. Bb2 Bxe4 26. Bxe5 Rc2 27. Bd6+
Kg8 28. Rc1 Rxc1+ 29. Nxc1 Bd5 30. Nce2 Qb1+ 31. Qf1 Qc2 32. Qc1 Qxc1+ 33. Nxc1
Bg5 34. Kf2 h5 35. h4 Bf6 36. Ke3 Bxg2 37. Rh2 Bd5 38. Bd3 g5 39. hxg5 Bxg5+ 40.
Bf4 Be7 41. Rxh5 Rxh5 42. Nxh5 f6 43. Be4 Bc4 44. Bd3 Bd5 45. Bc7 Kf7 46. Ba6 f5
47. Nf4 Bg5 48. Nd3 Be4 49. Kd4 Bf6+ 50. Ne5+ Kg8 51. Nxe6 Kh7 52. Bb8 Bh4 53.
Ke3 Bd5 54. Nf4 Ba8 55. Bxa7 Bf6 56. Kd4 Kh6 57. Ne6 Kh5 58. Bd3 f4 59. Nxf4+
Kg5 60. Ne6+ Kh4 61. Bxb6 Kg3 62. Be4 {Black resigns} 1-0

[Event "Team 45 45 League T47"]
[Site "Internet Chess Club"]
[Date "2010.11.06"]
[Round "1"]
[White "hewdondada"]
[Black "LucaTrapani"]
[Result "1/2-1/2"]
[WhiteElo "1878"]
[BlackElo "1947"]
[Opening "Dutch defense"]
[ECO "A40"]
[Time "20:08:04"]
[TimeControl "2700+45"]

1. d4 e6 2. c4 f5 3. Nf3 Nf6 4. Nc3 d5 5. Bf4 c6 6. e3 Be7 7. Qc2 O-O 8. Bd3 Ne4
9. g4 Na6 10. a3 Nxc3 11. bxc3 dxc4 12. Bxc4 g5 13. Be5 fxg4 14. Bd3 Rf7 15. Nd2
Bf6 16. Bxf6 Qxf6 17. Nc4 Rg7 18. Ne5 h5 19. h3 gxh3 20. Rxh3 h4 21. Rf3 Qh6 22.
Ng4 Qh8 23. Nf6+ Kf8 24. Nh5+ Rf7 25. Rxf7+ Kxf7 26. Bg6+ Ke7 27. Qe4 Bd7 28.
Bh7 Be8 29. Rb1 Rb8 30. Bg6 b6 31. Bxe8 Rxe8 32. Qxc6 Qxh5 33. Qb7+ Kf6 34. Qxa6
h3 35. Kd2 h2 36. Qb7 Qh4 37. Qf3+ Kg7 38. Ke2 Rf8 39. Qg2 Rh8 40. Rh1 g4 41.
Qe4 Rh6 42. Qb7+ Kf6 43. Qe4 Rh5 44. Qf4+ Kg6 {Game drawn by mutual agreement}
1/2-1/2

[Event "Team 45 45 League T47"]
[Site "Internet Chess Club"]
[Date "2010.11.07"]
[Round "1"]
[White "Harmonicus"]
[Black "RD1974"]
[Result "1-0"]
[WhiteElo "1954"]
[BlackElo "1809"]
[Opening "Scandinavian: Pytel-Wade variation"]
[ECO "B01"]
[Time "18:04:11"]
[TimeControl "2700+45"]

1. e4 d5 2. exd5 Qxd5 3. Nc3 Qd6 4. d4 Nf6 5. Nf3 a6 6. g3 Bg4 7. h3 Bh5 8. Bg2
Nc6 9. O-O e6 10. Bf4 Qd7 11. g4 Bg6 12. Ne5 Nxe5 13. dxe5 Nd5 14. Nxd5 exd5 15.
Qxd5 Qxd5 16. Bxd5 c6 17. Bb3 Bc5 18. Rfe1 O-O-O 19. e6 b5 20. Be3 Bxe3 21. Rxe3
fxe6 22. Bxe6+ Kc7 23. c4 Rd2 24. b3 Rf8 25. f3 Re8 26. f4 Red8 27. cxb5 axb5
28. f5 Be8 29. a4 Rd1+ 30. Rxd1 Rxd1+ 31. Kf2 bxa4 32. bxa4 Kd8 33. Ra3 c5 34.
a5 Rc1 35. Bd5 Rd1 36. Bb7 Kc7 37. a6 Rd2+ 38. Ke3 Rd8 39. Be4 Bc6 40. Bxc6 Kxc6
41. a7 Ra8 42. Kd3 Kd5 43. Ra5 Kc6 44. Kc4 Kb6 45. Ra3 Kb7 46. Kxc5 Rc8+ 47. Kd6
Ka8 48. g5 Rc1 49. Ke6 Rg1 50. f6 Re1+ 51. Kf7 gxf6 52. Kxf6 Rg1 53. Ra4 Rh1 54.
h4 Rg1 55. Kg7 h5 56. Kh6 Rg4 57. Rxg4 hxg4 58. g6 g3 59. g7 g2 60. g8=Q+ Kxa7
61. Qxg2 {Black resigns} 1-0

[Event "Team 45 45 League T47"]
[Site "Internet Chess Club"]
[Date "2010.11.08"]
[Round "1"]
[White "toukon"]
[Black "Constrictor"]
[Result "1-0"]
[WhiteElo "1677"]
[BlackElo "1710"]
[Opening "QGD Slav: Wiesbaden variation"]
[ECO "D17"]
[Time "21:02:13"]
[TimeControl "2700+45"]

1. d4 c6 2. c4 d5 3. Nc3 Nf6 4. Nf3 dxc4 5. a4 Bf5 6. Ne5 e6 7. Nxc4 Bb4 8. e3
O-O 9. Bd3 Ne4 10. Qc2 Nxc3 11. bxc3 Bxd3 12. Qxd3 Be7 13. O-O Nd7 14. Ba3 Bxa3
15. Rxa3 Qc7 16. Qe2 b5 17. Nd2 Nb6 18. axb5 c5 19. Rfa1 Rfc8 20. Nc4 cxd4 21.
Nxb6 Qxb6 22. cxd4 Rcb8 23. g3 Qxb5 24. Qxb5 Rxb5 25. Rxa7 Rxa7 26. Rxa7 g6 27.
Rc7 Kg7 28. Kg2 Kf6 29. Kf3 Rf5+ 30. Ke2 Rh5 31. h4 Rb5 32. Kd3 Rb2 33. Rc2 Rb6
34. Ke4 Rb5 35. Rc5 Rb2 36. Kf3 Ra2 37. h5 Rb2 38. hxg6 hxg6 39. d5 exd5 40.
Rxd5 Ra2 41. Rd4 Rb2 42. Rf4+ Ke6 43. Kg4 Rb5 44. e4 Ra5 45. f3 f6 46. Kh3 g5
47. Rg4 Rb5 48. f4 gxf4 49. Rxf4 Rg5 50. Kh4 Ke5 51. Kh3 Rh5+ 52. Kg2 Rg5 53.
Kf3 Rh5 54. Rh4 Rg5 55. g4 Rg7 56. Rh5+ Ke6 57. Kf4 Ra7 58. Rb5 Ra1 59. g5 Rf1+
60. Ke3 fxg5 61. Rxg5 Kf6 62. Ra5 Re1+ 63. Kd4 Rd1+ 64. Ke3 Re1+ 65. Kd3 Rd1+
66. Ke2 Rb1 67. Ke3 Re1+ 68. Kd4 Rd1+ 69. Kc4 Rc1+ 70. Kd5 Rd1+ 71. Kc6 Rc1+ 72.
Kd6 Rd1+ 73. Rd5 Re1 74. Rf5+ Kg6 75. Ke5 Re2 76. Rf1 Kg7 77. Kd5 Rd2+ 78. Ke6
Re2 79. e5 Re3 80. Kd6 Rd3+ 81. Ke7 Re3 82. e6 Re2 83. Kd7 Rd2+ 84. Ke8 Re2 85.
e7 Ra2 86. Re1 Ra8+ 87. Kd7 Ra7+ 88. Kc6 Ra6+ 89. Kb7 {Black resigns} 1-0

[Event "Team 45 45 League T47"]
[Site "Internet Chess Club"]
[Date "2010.11.04"]
[Round "1"]
[White "Monsieur"]
[Black "noblitz-oblige"]
[Result "0-1"]
[WhiteElo "1559"]
[BlackElo "1670"]
[Opening "Bishop's opening: Berlin defense"]
[ECO "C24"]
[Time "22:00:32"]
[TimeControl "2700+45"]

1. e4 e5 2. Bc4 Nf6 3. d3 h6 4. Nf3 Nc6 5. Be3 d5 6. exd5 Nxd5 7. Nc3 Nxe3 8.
fxe3 Be7 9. O-O O-O 10. d4 Bg4 11. d5 Na5 12. Bb3 Bc5 13. Qe2 Re8 14. Qf2 Nxb3
15. axb3 b6 16. h3 Bf5 17. Rfe1 e4 18. Nd4 Bd7 19. Rf1 Qe7 20. Nce2 Rf8 21. c4
Qg5 22. Nc3 Bxd4 23. exd4 f5 24. Ne2 a5 25. Nf4 Rae8 26. Rae1 Qf6 27. Qe3 g5 28.
Nh5 Qf7 29. g4 f4 30. Qc3 f3 31. Rf2 Qe7 32. Ng3 e3 33. Kf1 Qd6 34. Rxe3 Rxe3
35. Qxe3 Qxg3 36. Qe5 Qxh3+ 37. Ke1 Re8 {White resigns} 0-1

[Event "Team 45 45 League T47"]
[Site "Internet Chess Club"]
[Date "2010.11.06"]
[Round "1"]
[White "LuxAeterna"]
[Black "az2112"]
[Result "0-1"]
[WhiteElo "1797"]
[BlackElo "1719"]
[Opening "Ruy Lopez: Anderssen variation"]
[ECO "C77"]
[Time "12:00:19"]
[TimeControl "2700+45"]

1. e4 e5 2. Nf3 Nc6 3. Bb5 a6 4. Ba4 Nf6 5. d3 b5 6. Bb3 Be7 7. O-O O-O 8. Nc3
Bb7 9. Nd5 Na5 10. c3 Nxb3 11. Qxb3 d6 12. Bg5 Nxd5 {White resigns} 0-1

[Event "Team 45 45 League T47"]
[Site "Internet Chess Club"]
[Date "2010.11.06"]
[Round "1"]
[White "daniguti"]
[Black "Heian"]
[Result "1-0"]
[WhiteElo "1619"]
[BlackElo "1553"]
[Opening "Ruy Lopez: Graz variation"]
[ECO "C70"]
[Time "21:00:14"]
[TimeControl "2700+45"]

1. e4 e5 2. Nf3 Nc6 3. Bb5 a6 4. Ba4 b5 5. Bb3 Bc5 6. O-O d6 7. c3 Bg4 8. h3 h5
9. hxg4 hxg4 10. d4 exd4 11. Ng5 Nh6 12. Bd5 Kd7 13. b4 Bb6 14. Nxf7 Qh4 15. Bg5
Qh5 16. Bxh6 Rxh6 17. Nxh6 gxh6 18. Bxc6+ Kxc6 19. cxd4 Qh4 20. Nc3 Rg8 21. Ne2
Kb7 22. Qb3 Rg5 23. Qg3 Qh5 24. Qd3 Qg6 25. a4 d5 26. axb5 dxe4 27. Qa3 Ba7 28.
Qxa6+ Qxa6 29. bxa6+ Kb6 30. Nc3 Kc6 31. d5+ Kd7 32. Nxe4 Rf5 33. Nc5+ Kd6 34.
Rac1 Kxd5 35. Rfd1+ Kc6 36. Ne6+ Kb5 37. Nd4+ Bxd4 38. Rxd4 Kxa6 39. Rxg4 Rf7
40. Rg6+ Kb5 41. Rxh6 Kxb4 42. Rhc6 {Black resigns} 1-0

[Event "Team 45 45 League T47"]
[Site "Internet Chess Club"]
[Date "2010.11.05"]
[Round "1"]
[White "Sirian"]
[Black "Tamarin"]
[Result "0-1"]
[WhiteElo "1569"]
[BlackElo "1783"]
[Opening "Bird's opening: Lasker variation"]
[ECO "A03"]
[Time "21:10:55"]
[TimeControl "2700+45"]

1. f4 d5 2. Nf3 Nf6 3. e3 c5 4. b3 Nc6 5. Bb5 Bd7 6. Bxc6 Bxc6 7. Bb2 e6 8. Ne5
Be7 9. O-O Qc7 10. a4 O-O 11. Qe1 Rad8 12. d3 d4 13. Nd2 a6 14. Nxc6 Qxc6 15.
Rf3 b5 16. Rh3 Ng4 17. e4 Ne3 18. Qe2 Nxc2 19. Qh5 h6 20. g4 Nxa1 21. Nf3 f6 22.
Qg6 Qe8 23. Qxe8 Rfxe8 24. Bxa1 bxa4 25. Nd2 axb3 26. Nc4 Rb8 27. Bb2 Rec8 28.
Rf3 Rc6 29. Rf1 Bd8 30. Ra1 Ra8 31. Kf1 a5 32. Ra4 Bc7 33. Bc1 e5 34. f5 Kf7 35.
Bb2 g6 36. Kf2 gxf5 37. gxf5 Bd8 38. h3 Ke7 39. Kf3 Rcc8 40. Kf2 Kd7 41. Kf3 Kc6
42. Kf2 Bc7 43. Na3 Rcb8 44. Nc4 Rb4 45. Ra1 a4 46. Ba3 Rbb8 47. Rb1 Ba5 48.
Nxa5+ Rxa5 49. Rb2 Kb5 50. Ke2 c4 51. dxc4+ Kxc4 52. Kd2 Rg8 53. Ke1 Rg1+ 54.
Kf2 Ra1 55. Be7 Ra2 56. Rxa2 bxa2 57. Bxf6 a1=Q 58. Be7 Qb2+ 59. Kg3 a3 60. f6
a2 61. f7 Ra8 62. h4 a1=Q 63. Kg4 Qg1+ 64. Kh5 Qe2+ 65. Kxh6 Rh8# {White
checkmated} 0-1